 Dungeon Crawl Stone Soup version 0.28.0 (webtiles) character file.

Game seed: 11552775427946821327

66 freelancePsychic the Magician (level 4, 0/36 HPs)
             Began as a Ghoul Hedge Wizard on Feb 16, 2022.
             Killed by divine providence
             ... invoked by an orc priest
              (15 damage)
             ... on level 2 of the Dungeon.
             The game lasted 00:03:06 (2028 turns).

freelancePsychic the Magician (Ghoul Hedge Wizard)  Turns: 2028, Time: 00:03:06

Health: 0/36       AC:  9    Str: 15    XL:     4   Next: 15%
Magic:  7/7        EV: 10    Int:  9    God:
Gold:   116        SH:  0    Dex:  8    Spells: 7/8 levels left

rFire   . . .      SeeInvis .   a - +0 dagger
rCold   + . .      Faith    .   (no shield)
rNeg    + + +      Spirit   .   d - +0 ring mail
rPois   ∞          Reflect  .   l - +0 helmet
rElec   .          Harm     .   e - +2 cloak
rCorr   .          Rampage  .   (no gloves)
Will    .....                   (no boots)
Stlth   +.........              k - amulet of regeneration
HPRegen 0.00/turn               g - ring of wizardry
MPRegen 0.10/turn               (no ring)

@: inhibited regen, invisible
A: claws 1, cold resistance 1, negative energy resistance 3, inhibited
regeneration, torment resistance 2
a: no special abilities


You were on level 2 of the Dungeon.
You visited 1 branch of the dungeon, and saw 2 of its levels.

You collected 116 gold pieces.

Inventory:

Hand Weapons
 a - a +0 dagger (weapon)
Armour
 b - a +0 robe
 c - a +0 hat
 d - a +0 ring mail (worn)
 e - a +2 cloak (worn)
 l - a +0 helmet (worn)
Jewellery
 g - a ring of wizardry (left claw)
 h - a +6 ring of intelligence
 k - an amulet of regeneration (around neck)
Scrolls
 i - a scroll of noise
 j - a scroll of immolation


   Skills:
 + Level 2.1 Fighting
 * Level 2.6 Short Blades
 - Level 1.7 Dodging
 - Level 2.1 Stealth
 - Level 2.6 Spellcasting
 - Level 0.7 Conjurations
 - Level 0.8 Summonings
 - Level 0.8 Translocations


You had 7 spell levels left.
You knew the following spells:

 Your Spells              Type           Power      Damage    Failure   Level
a - Magic Dart            Conj           8%         1d3       19%         1

Your spell library contained the following spells:

 Spells                   Type           Power      Damage    Failure   Level
 Slow                     Hex            4%         N/A       24%         1
 Blink                    Tloc           4%         N/A       26%         2
 Call Imp                 Summ           2%         N/A       26%         2
 Conjure Flame            Conj/Fire      1%         6-21      52%         3
 Mephitic Cloud           Conj/Pois/Air  1%         N/A       52%         3


Dungeon Overview and Level Annotations

Branches:
Dungeon (2/15)

Altars:


Innate Abilities, Weirdness & Mutations

You thrive by killing the living.
You are immune to poison.
You have sharp fingernails.
Your flesh is cold resistant. (rC+)
You are immune to negative energy. (rN+++)
You do not regenerate when monsters are visible.
You are immune to unholy pain and torment.


Message History

No target in view!
No target in view!
No target in view!
No target in view!
No target in view!
No target in view!
You see here a ball python skeleton.
Things that are here:
a frilled lizard skeleton; a bat skeleton You see here a ball python skeleton.
An orc wizard comes into view. It is wielding a +0 dagger.
The orc wizard shouts!
An orc priest comes into view. It is wielding a +0 club.
An orc comes into view. It is wielding a +0 club.
The orc priest shouts!
The orc shouts!
The orc wizard casts a spell at you. The puff of flame misses you.
The orc wizard gestures wildly while chanting.
The orc wizard flickers and vanishes!
Deactivating autopickup; reactivate with Ctrl-A.
A puff of flame appears from out of thin air!
The puff of flame hits you.
No target in view!
The orc priest invokes the aid of Beogh against you.
Beogh smites you! Something hits you but does no damage.
The orc priest casts a cantrip, but nothing happens.
Something hits you but does no damage.
You closely miss something.
The orc priest invokes the aid of Beogh against you.
Beogh smites you!
As you read the scroll labelled YLOISTR WYOPH, it crumbles to dust.
You hear a loud clanging noise!
It was a scroll of noise.
Something hits you but does no damage.
The orc priest miscasts a cantrip.
It was a potion of invisibility.
You fade into invisibility!
Something hits you but does no damage.
The orc priest calls down the wrath of Beogh upon you.
Beogh smites you!
You die...

..## #..# #..# ...# #.##
#.## .#.# #.# #.# ...## #.#
#.# ....# #.# ##.# ..#.##
##.# ##..# .....# #..#
#..## #....#
#####.####.####
###..####.......@..##.#
..........##..####.oo.#
...........#.###...#.##
####.............###.#
#####.....#..........# <.#
##..........#..### #
#.#####..........#.# ...
#..##.......#......###.....
##.##......#####.......o...


You could see an orc priest and an orc.

Vanquished Creatures
  2 adders
  A worm (D:2)
  2 dart slugs
  3 orcs (D:1)
  3 endoplasms
  3 goblins
  4 hobgoblins
  2 jackals (D:2)
  4 ball pythons
  4 bats
  4 frilled lizards
  A kobold (D:1)
  7 rats
40 creatures vanquished.

Notes
Turn   | Place    | Note
-------+----------+-------------------------------------------
     0 | D:1      | freelancePsychic the Ghoul Hedge Wizard began the quest for
                  | the Orb.
     0 | D:1      | Reached XP level 1. HP: 14/14 MP: 3/3
   217 | D:1      | Reached skill level 1 in Short Blades
   377 | D:1      | Reached XP level 2. HP: 19/22 MP: 4/4
   467 | D:1      | Reached skill level 1 in Fighting
   998 | D:1      | Reached XP level 3. HP: 28/28 MP: 6/6
  1737 | D:2      | Reached XP level 4. HP: 36/36 MP: 7/7
  2028 | D:2      | Killed from afar by an orc priest

Illustrated notes

Levels and vault maps discovered:
D:1:      ncdulo_halloftheorcs, layout_basic, minmay_misc_feat_encased
D:2:      layout_rooms, lemuel_flame_loot_1

Skill      XL: |  1  2  3 |
---------------+----------+-----
Short Blades   | 1 2 |  2.6
Fighting       | 1 2 |  2.1
Dodging        | |  1.7
Stealth        | |  2.1
Spellcasting   | |  2.6
Conjurations   | |  0.7
Summonings     | |  0.8
Translocations | |  0.8

Action                   |  1- 3 |  4- 6 || total
-------------------------+-------+-------++-------
Melee: Dagger            |   245 |    31 ||   276
       Punch             |     3 |       ||     3
  Use: Scroll            |     3 |     1 ||     4
       Potion            |       |     1 ||     1
 Stab: Sleeping          |     1 |       ||     1
Armor: Ring mail         |   105 |    23 ||   128
Dodge: Dodged            |   129 |    18 ||   147
